 Dungeon Crawl Stone Soup version 0.18.1-47-g9310371 (webtiles) character file.

182 LinoAlbertino the Sneak (level 5, -1/27 HPs)
             Began as a Vine Stalker Assassin on June 19, 2016.
             Was an Initiate of Qazlal.
             Killed from afar by an orc wizard (2 damage)
             ... with a puff of frost
             ... on level 4 of the Dungeon.
             The game lasted 00:29:05 (1872 turns).

LinoAlbertino the Sneak (Vine Stalker Assassin)     Turns: 1872, Time: 00:29:05

Health: -1/27      AC:  5    Str: 12 (14) XL:     5   Next: 61%
Magic:  0/6        EV: 12    Int:  8 (11) God:    Qazlal [......]
Gold:   81         SH:  0    Dex: 13 (16) Spells: 0 memorised, 4 levels left

rFire  . . .     SeeInvis .     Q - +0 hand axe (flame)
rCold  . . .     Gourm    .     E - +0 leather armour
rNeg   . . .     Faith    .     (no shield)
rPois  .         Spirit   +     j - +0 helmet
rElec  .         Dismiss  .     d - +0 cloak
rCorr  .         Reflect  .     (no gloves)
SustAt .         Harm     .     (no boots)
MR     .....                    (no amulet)
Stlth  +++.......               (no ring)
                                (no ring)

@: not resistant to hostile enchantments, fairly stealthy
A: fangs 2, regeneration 1, magic shield, antimagic bite, no device heal 3, rot
immunity
a: Renounce Religion


You were on level 4 of the Dungeon.
You worshipped Qazlal.
Qazlal was noncommittal.
You were not hungry.

You visited 1 branch of the dungeon, and saw 4 of its levels.

You collected 81 gold pieces.

Inventory:

Hand Weapons
 a - a +2 dagger
 b - a +0 blowgun
 i - a +0 club
 l - a +0 club
 m - a +0 dagger
 n - a +0 dagger
 o - a +0 hand axe
 q - a +0 club
 r - a +0 dagger
 u - a +0 dagger
 v - a +0 dagger
 w - a +0 dagger
 x - a +0 dagger
 y - a +0 hunting sling
 B - a +0 dagger
 G - a +0 whip
 I - a +0 spear
 J - a +0 club
 K - a +0 club
 M - a +0 dagger
 O - a +0 whip
 Q - a +0 hand axe of flaming (weapon)
 S - a +0 falchion
 W - a +0 dagger
 X - a +0 club
Missiles
 e - 8 poisoned needles
 f - 2 curare-tipped needles
 k - 35 sling bullets (quivered)
 p - 67 stones
Armour
 c - a +0 robe
 d - a +0 cloak (worn)
 h - a +0 robe
 j - a +0 helmet (worn)
 z - a +0 leather armour
 C - a +1 hat
 E - a +0 leather armour (worn)
 N - a +0 robe
 P - a +0 leather armour
Scrolls
 s - 2 scrolls of teleportation
 A - 3 scrolls of identify
 D - a scroll of random uselessness
 Y - a scroll of amnesia
Potions
 R - a potion of lignification
 T - a potion of heal wounds
 V - a potion of curing
Comestibles
 g - a bread ration
 t - a meat ration
 F - 8 chunks of flesh


   Skills:
 + Level 2.3 Fighting
 + Level 2.0 Short Blades
 + Level 1.1(1.8) Slings
 + Level 2.0(2.2) Throwing
 + Level 0.7 Armour
 + Level 2.3 Dodging
 + Level 6.3 Stealth


You had 4 spell levels left.
You didn't know any spells.

Dungeon Overview and Level Annotations

Branches:
Dungeon (4/15)
 Temple: D:4-7

Altars:
Qazlal


Innate Abilities, Weirdness & Mutations

You have extremely sharp teeth.
Your natural rate of healing is unusually fast.
When hurt, damage is shared between your health and your magic reserves.
Your bite disrupts and absorbs the magic of your enemies.
Potions and wands cannot restore your health.
You are immune to rotting.


Message History

The puff of flame hits you!
* * * LOW HITPOINT WARNING * * *
Something hits you but does no damage.
Drink which item? (? for menu, Esc to quit)
You have no ailments to cure.
Drink which item? (? for menu, Esc to quit)
That would not heal you.
You hit something but do no damage. You bite something. Something hits you.
* * * LOW HITPOINT WARNING * * *
Something hits you but does no damage.
You closely miss something.
You hear some strange, mumbled words.
A puff of flame appears from out of thin air!
The puff of flame misses you. Something hits you but does no damage.
You miss something. Your bite misses something. Something hits you.
* * * LOW HITPOINT WARNING * * *
You hear some strange, mumbled words.
A puff of frost appears from out of thin air!
The puff of frost hits you!
You die...

#.. #.# #.# #.# #.#
#.#
#.#########.#######
#[(oo{@....<.......
###########.######.
#.# #.# #.# #.# ...
#.#


You could see 2 orcs.

Vanquished Creatures
  An orc wizard (D:4)
  Jessica (D:2)
  Ijyb (D:2)
  Natasha (D:2)
  An adder (D:2)
  3 dart slugs
  A giant gecko (D:1)
  5 orcs
  7 giant cockroaches
  2 hobgoblins
  2 jackals (D:3)
  A quokka (D:2)
  6 bats
  3 giant newts
  14 goblins
  4 kobolds
  4 rats
57 creatures vanquished.

Notes
Turn   | Place    | Note
--------------------------------------------------------------
     0 | D:1      | LinoAlbertino the Vine Stalker Assassin began the quest for the Orb.
     0 | D:1      | Reached XP level 1. HP: 11/11 MP: 2/2
    39 | D:1      | Reached skill level 5 in Stealth
   197 | D:1      | Reached XP level 2. HP: 15/15 MP: 3/3
   577 | D:1      | You fall through a shaft!
   791 | D:2      | Noticed Ijyb
   818 | D:2      | Killed Ijyb
   818 | D:2      | Reached skill level 1 in Dodging
   818 | D:2      | Reached XP level 3. HP: 7/18 MP: 4/4
  1013 | D:2      | Reached skill level 6 in Stealth
  1013 | D:2      | Reached XP level 4. HP: 23/23 MP: 5/5
  1060 | D:2      | Noticed Jessica
  1069 | D:2      | Killed Jessica
  1304 | D:2      | Noticed Natasha
  1311 | D:2      | Killed Natasha
  1311 | D:2      | Reached XP level 5. HP: 19/27 MP: 3/6
  1634 | D:3      | Reached skill level 1 in Slings
  1748 | D:3      | Found a stormy altar of Qazlal.
  1781 | D:3      | Became a worshipper of Qazlal Stormbringer
  1872 | D:4      | HP: 1/27 [something (2)]
  1872 | D:4      | Killed from afar by an orc wizard

Skill      XL: |  1  2  3  4  5 |
---------------+----------------+-----
Stealth        | 5 6 |  6.3
Fighting       | 2 |  2.3
Throwing       | 2 |  2.0
Dodging        | 1 2 |  2.3
Short Blades   | 2 |  2.0
Slings         | 1 |  1.1
Armour         | |  0.7

Action                   |  1- 3 |  4- 6 || total
-------------------------+-------+-------++-------
Melee: Dagger            |    61 |    29 ||    90
       Bite              |    16 |    14 ||    30
       Hand axe          |       |    11 ||    11
 Fire: Blowgun           |     6 |       ||     6
       Hunting sling     |     4 |    61 ||    65
  Use: Scroll            |     6 |     4 ||    10
       Potion            |     4 |     2 ||     6
 Stab: Sleeping          |     2 |       ||     2
  Eat: Chunk             |       |     1 ||     1
       Bread ration      |       |     1 ||     1
Armor: Robe              |    17 |       ||    17
       Leather armour    |       |    16 ||    16
Dodge: Dodged            |    31 |    34 ||    65
